 Dungeon Crawl Stone Soup version 0.28-a0-265-g048bc9fd10 (webtiles) character file.

Game seed: 14134990568885650343

136 SeanNever the Covered (level 4, -5/41 HPs)
             Began as a Minotaur Fighter on Aug 27, 2021.
             Was an Initiate of Yredelemnul.
             Slain by a bullfrog (6 damage)
             ... on level 6 of the Dungeon.
             The game lasted 00:04:56 (384 turns).

SeanNever the Covered (Minotaur Fighter)             Turns: 384, Time: 00:04:57

Health: -5/41      AC:  7    Str: 24    XL:     4   Next: 98%
Magic:  3/3        EV:  7    Int:  5    God:    Yredelemnul [......]
Gold:   2          SH:  9    Dex: 15    Spells: 3/3 levels left

rFire   . . .      SeeInvis .   f - +2 hand axe "Dauralol" {vorpal, Drain Will- Str+3 Dex+5}
rCold   . . .      Faith    .   c - +0 kite shield
rNeg    . . .      Spirit   .   b - +0 scale mail
rPois   .          Reflect  .   (helmet restricted)
rElec   .          Harm     .   (no cloak)
rCorr   .          Rampage  .   (no gloves)
Will    .....                   (no boots)
Stlth   ..........              (no amulet)
HPRegen 0.13/turn               (no ring)
MPRegen 0.08/turn               (no ring)

@: no status effects
A: horns 2, retaliatory headbutt
a: Renounce Religion


You were on level 6 of the Dungeon.
You worshipped Yredelemnul.
Yredelemnul was noncommittal.
You visited 1 branch of the dungeon, and saw 5 of its levels.

You collected 2 gold pieces.

Inventory:

Hand Weapons
 a - a +0 rapier
 f - the +2 hand axe "Dauralol" (weapon) {vorpal, Drain Will- Str+3 Dex+5}
   (You found it on level 4 of the Dungeon)

   It inflicts extra damage upon your enemies.
   Str:       It affects your strength (+3).
   Dex:       It affects your dexterity (+5).
   Drain:     It drains your maximum health when unequipped.
   Will:      It decreases your willpower.
Armour
 b - a +0 scale mail (worn)
 c - a +0 kite shield (worn)


   Skills:
 + Level 4.7 Fighting
 + Level 2.8 Short Blades
 + Level 5.0 Armour
 + Level 4.7 Shields


You had 3 spell levels left.
You didn't know any spells.
Your spell library was empty.

Dungeon Overview and Level Annotations

Branches:
Dungeon (7/15)
 Temple: D:4-7

Altars:
Fedhas
Nemelex Xobeh
Yredelemnul


Innate Abilities, Weirdness & Mutations

You have a pair of horns on your head.
You reflexively headbutt those who attack you in melee.


Message History

You block the bullfrog's attack. x2
You hit the bullfrog.
The bullfrog is heavily wounded.
The bullfrog barely misses you. x2
You closely miss the bullfrog. You headbutt the bullfrog!
The bullfrog is severely wounded.
The bullfrog completely misses you. The bullfrog hits you.
The bullfrog barely misses you.
You block the water moccasin skeleton's attack.
The bullfrog hits you. The water moccasin skeleton bites you.
* * * LOW HITPOINT WARNING * * *
The water moccasin skeleton bites you but does no damage.
The bullfrog hits you.
* * * LOW HITPOINT WARNING * * *
You block the bullfrog's attack.
There is an escape hatch in the ceiling here.
You can't go down here!
The bullfrog hits you.
* * * LOW HITPOINT WARNING * * *
The water moccasin completely misses you.
The bullfrog barely misses you. A mysterious force pulls you upwards.
The hatch slams shut behind you.
Found a scroll labelled NESOILY IZOL.
You closely miss the water moccasin. You hit the bullfrog.
The water moccasin bites you but does no damage.
The bullfrog hits you but does no damage.
The water moccasin bites you.
* * * LOW HITPOINT WARNING * * *
The bullfrog swells and bulges.
The bullfrog barely misses you. You furiously retaliate!
You headbutt the bullfrog, but do no damage.
You aren't carrying any potions.
You block the bullfrog's attack.
The water moccasin bites you but does no damage.
You block the bullfrog's attack.
The water moccasin bites you but does no damage.
The bullfrog hits you.
You die...
Your body rises from the dead as a mindless zombie.

...........
..........#
#......#.#
#......#.#
#......#.#
#...?..#.#
###......#.##
#.......F@..#
#...#.....S...#
... #.........#
# #.........#
#.........#
#######...#
#####


You could see a water moccasin and a bullfrog.

Vanquished Creatures
  A sky beast (D:7)
  A centaur zombie (D:7)
  2 orcs (D:7)
  2 endoplasms (D:4)
  A giant cockroach (D:1)
  A goblin (D:1)
  3 kobolds (D:1)
  A quokka (D:1)
12 creatures vanquished.

Vanquished Creatures (others)
  A plant (D:1)
1 creature vanquished.

Grand Total: 13 creatures vanquished

Notes
Turn   | Place    | Note
-------+----------+-------------------------------------------
     0 | D:1      | SeanNever the Minotaur Fighter began the quest for the Orb.
     0 | D:1      | Reached XP level 1. HP: 19/19 MP: 0/0
   158 | D:1      | You fall into a shaft and drop 1 floor!
   196 | D:2      | You fall into a shaft and drop 2 floors!
   204 | D:4      | Reached XP level 2. HP: 22/27 MP: 1/1
   244 | D:4      | Identified the +2 hand axe "Dauralol" {vorpal, Drain Will-
                  | Str+3 Dex+5}
   274 | D:4      | Found a sparkling altar of Nemelex Xobeh.
   283 | D:4      | Became a worshipper of Nemelex Xobeh the Trickster
   288 | D:4      | You fall into a shaft and drop 3 floors!
   288 | D:7      | Found a basalt altar of Yredelemnul.
   290 | D:7      | Noticed a sky beast
   303 | D:7      | Killed a sky beast
   304 | D:7      | Reached skill level 4 in Armour
   304 | D:7      | Reached XP level 3. HP: 17/34 MP: 2/2
   304 | D:7      | Reached XP level 4. HP: 20/41 MP: 3/3
   317 | D:7      | Fell from the grace of Nemelex Xobeh
   317 | D:7      | Became a worshipper of Yredelemnul the Dark
   358 | D:7      | Found a blossoming altar of Fedhas.
   358 | D:7      | Noticed a water moccasin
   358 | D:7      | Noticed a bullfrog
   358 | D:7      | Noticed an ice beast
   369 | D:7      | Reached skill level 5 in Armour
   379 | D:6      | HP: 1/41 [water moccasin (6)]
   384 | D:6      | Slain by a bullfrog

Illustrated notes

Levels and vault maps discovered:
D:1:      psy_arrival_fountain, layout_basic, serial_shops,
          nicolae_shop_behind_doors, hangedman_decor_opposing, minivault_27
D:2:      layout_rooms
D:4:      kennysheep_kobold_camp, layout_rooms, nemelex_spade_bored_becter,
          temple_doors_e, serial_shops, shop, shop,
          nicolae_shop_competitors_out_of_business, nicolae_lakefront_shop, shop
D:6:      minmay_goblin_kobold_castle, layout_rooms,
          kennysheep_okawaru_gauntlet, grunt_ministairs_5
D:7:      layout_rooms, mainiacjoe_overflow_paths,
          nicolae_wu_jian_immortal_techniques, minmay_ruined_shrine,
          uniq_duvessa

Skill      XL: |  1  2  3  4 |
---------------+-------------+-----
Fighting       | 4 |  4.7
Armour         | 4 5 |  5.0
Shields        | 4 |  4.7
Short Blades   | |  2.8

Action                   |  1- 3 |  4- 6 || total
-------------------------+-------+-------++-------
Melee: Rapier            |    16 |       ||    16
       Headbutt          |     4 |     5 ||     9
       Hand axe          |     9 |    12 ||    21
  Use: Potion            |     2 |       ||     2
Armor: Scale mail        |    12 |    12 ||    24
Dodge: Dodged            |     5 |    10 ||    15
Block: Kite shield       |    11 |    13 ||    24

Table legend: (Time is in decaauts)
 A = Elapsed time spent in this place.
 B = Non-inter-level travel time spent in this place.
 C = Inter-level travel time spent in this place.
 D = Time resting spent in this place.
 E = Time spent auto-exploring this place.
 F = Levels seen in this place.
 G = Mean time per level.
                   A        B        C        D        E       F      G
               +--------+--------+--------+--------+--------+-----+--------+
         Total |    398 |    380 |     18 |      0 |      0 |   5 |   79.6 |
       Dungeon |    398 |    380 |     18 |      0 |      0 |   5 |   79.6 |
               +--------+--------+--------+--------+--------+-----+--------+

Top non-repeatable levels by time:
     D:1: 162 daAuts
     D:7: 99 daAuts
     D:4: 92 daAuts
     D:2: 37 daAuts
     D:6: 6 daAuts
